 Dungeon Crawl Stone Soup version 0.30.2 (webtiles) character file.

Game seed: 13007396835688983077

100 porpoise the Caller (level 4, 0/24 HPs)
             Began as a Tengu Summoner on Feb 9, 2024.
             Succumbed to an adder's poison
             ... on level 2 of the Dungeon.
             The game lasted 00:08:26 (1879 turns).

porpoise the Caller (Tengu Summoner)                Turns: 1879, Time: 00:08:27

Health: 0/24       AC:  2    Str: 14    XL:     4   Next: 73%
Magic:  7/9        EV: 12    Int: 18    God:
Gold:   35         SH:  0    Dex: 14    Spells: 3/9 levels left

rFire   . . .        b - +2 sling (heavy)
rCold   . . .        (no shield)
rNeg    . . .        d - +0 robe
rPois   .            (helmet restricted)
rElec   .            (no cloak)
rCorr   .            (no gloves)
SInv    .            (boots unavailable)
Will    .....        (no amulet)
Stlth   ++           e - +6 ring of strength
HPRegen 0.24/turn    (no ring)
MPRegen 0.11/turn

%: no passive effects
@: lethally poisoned (0 -> -1)
A: beak, talons 3
a: no special abilities


You were on level 2 of the Dungeon.
You visited 1 branch of the dungeon, and saw 2 of its levels.

You collected 35 gold pieces.

Inventory:

Hand Weapons
 a - a +0 halberd
 b - a +2 heavy sling (weapon)
Missiles
 r - 2 throwing nets
Armour
 d - a +0 robe (worn)
Jewellery
 e - a +6 ring of strength (left hand)
Scrolls
 c - a scroll of blinking {unknown}
 f - a scroll of torment {unknown}
 j - 2 scrolls of teleportation {unknown}
 k - a scroll of poison {unknown}
 l - a scroll of identify {unknown}
 m - a scroll of fear {unknown}
 p - a scroll of silence {unknown}
 t - a scroll of immolation {unknown}
Potions
 g - a potion of curing {unknown}
 h - a potion of brilliance {unknown}
 i - 4 potions of flight {unknown}
 n - a potion of berserk rage {unknown}
 o - 2 potions of haste {unknown}
 q - a potion of cancellation {unknown}
 v - a potion of magic


   Skills:
 - Level 2.1 Dodging
 + Level 2.8 Stealth
 * Level 3.2 Spellcasting
 * Level 5.8 Summonings


You had 3 spell levels left.
You knew the following spells:

 Your Spells              Type           Power      Damage    Failure   Level
a - Summon Small Mammal   Summ           96%        N/A       1%          1
b - Call Imp              Summ           48%        N/A       2%          2
c - Call Canine Familiar  Summ           24%        N/A       4%          3

Your spell library contained the following spells:

 Spells                   Type           Power      Damage    Failure   Level
 Summon Guardian Golem    Hex/Summ       13%        N/A       14%         3
 Tukima's Dance           Hex            2%         N/A       43%         3
 Summon Lightning Spire   Summ/Air       13%        N/A       43%         4
 Passage of Golubria      Tloc           2%         N/A       85%         4
 Yara's Violent Unravell  Hex/Tmut       1%         3d3       99%         5


Dungeon Overview and Level Annotations

Branches:
Dungeon (2/15)

Altars:

Shops:
D:1 !


Innate Abilities, Weirdness & Mutations

You have a beak for a mouth.
You have claws for feet.


Message History

You shoot a sling bullet.
The sling bullet closely misses the adder.
Your hound bites the adder.
The adder closely misses you.
Your hound closely misses the adder.
The adder bites you.
Your hound misses the adder. The adder barely misses you.
You shoot a sling bullet. The sling bullet misses the adder.
Your hound barely misses the adder.
The adder bites you.
You are poisoned.
The adder poisons you!
Your hound barely misses the adder.
The adder bites you.
A frilled lizard comes into view.
Your hound closely misses the adder.
The adder bites you.
You shoot a sling bullet. The sling bullet misses the adder.
You feel very sick.
Your hound barely misses the adder.
Your hound closely misses the adder.
The adder misses you.
Your hound closely misses the adder.
The adder misses you.
Your hound barely misses the adder.
You shoot a sling bullet.
The sling bullet closely misses the adder.
You feel sick. The adder bites you.
* * * LOW HITPOINT WARNING * * *
You are more poisoned.
The adder poisons you!
Your hound bites the adder but does no damage.
The adder bites you but does no damage.
Your hound barely misses the adder.
The adder bites you but does no damage.
Your hound barely misses the adder.
You feel sick.
Your hound closely misses the adder.
You shoot a sling bullet. The sling bullet misses the adder.
* * * LOW HITPOINT WARNING * * *
You feel very sick.
Your hound bites the adder.
The adder barely misses your hound.
Your hound bites the adder.
The adder bites your hound but does no damage.
The frilled lizard bites you.
* * * LOW HITPOINT WARNING * * *
Your hound bites the adder.
The adder dies!
The frilled lizard closely misses you.
You shoot a sling bullet.
The sling bullet misses the frilled lizard.
You die...

#........##
#....###..#
#...##)##)#
#...#...#†#
#....###..#
###.#...#.#
.##.##.# #.#h.##
#.....#..@.#
..$...###.l.......
...... #....######
..... #.#...#
.#... #.##..# ....
. #... .... .#
....# .# #...#


You could see a frilled lizard (ally target) and a friendly hound (summoned).

Vanquished Creatures
  4 endoplasms
  A giant cockroach (D:2)
  2 goblins
  A hobgoblin (D:1)
  2 jackals
  2 bats
  A frilled lizard (D:2)
  A kobold (D:2)
14 creatures vanquished.

Vanquished Creatures (collateral kills)
  3 gnolls (D:2)
  3 adders (D:2)
  4 endoplasms
  4 goblins
  2 hobgoblins
  A jackal (D:1)
  A quokka (D:1)
  7 ball pythons
  A frilled lizard (D:2)
  2 kobolds (D:1)
  A rat (D:1)
29 creatures vanquished.

Grand Total: 43 creatures vanquished

Notes
Turn   | Place    | Note
-------+----------+-------------------------------------------
     0 | D:1      | porpoise the Tengu Summoner began the quest for the Orb.
     0 | D:1      | Reached XP level 1. HP: 10/10 MP: 4/4
   138 | D:1      | Reached skill level 5 in Summonings
   142 | D:1      | Reached XP level 2. HP: 15/15 MP: 4/6
   145 | D:1      | Learned a level 2 spell: Call Imp
   189 | D:1      | Found Maphakh's Distillery.
   524 | D:1      | Found a faded altar of an unknown god.
   716 | D:1      | Reached XP level 3. HP: 14/19 MP: 4/7
  1129 | D:1      | Learned a level 3 spell: Call Canine Familiar
  1351 | D:2      | Reached XP level 4. HP: 24/24 MP: 4/9
  1879 | D:2      | Succumbed to an adder's poison

Illustrated notes

Levels and vault maps discovered:
D:1:      roderic_crop_circles_arrival_large, layout_basic, serial_shops, shop,
          ebering_ecumenical_altar_rust
D:2:      layout_basic, minmay_ruptured

Skill      XL: |  1  2  3  4 |
---------------+-------------+-----
Summonings     | 5 |  5.8
Spellcasting   | 3 |  3.2
Dodging        | |  2.1
Stealth        | |  2.8

Action                     |  1- 3 |  4- 6 || total
---------------------------+-------+-------++-------
  Melee: Unarmed           |     6 |       ||     6
         Dagger            |    24 |     3 ||    27
         Kick              |     3 |     4 ||     7
         Peck              |     5 |       ||     5
         Halberd           |       |     9 ||     9
   Fire: Sling             |       |    26 ||    26
   Cast: Summon Small Mamm |    29 |       ||    29
         Call Imp          |     5 |       ||     5
         Call Canine Famil |     2 |     3 ||     5
 Armour: Robe              |     4 |     8 ||    12
  Dodge: Dodged            |    31 |    22 ||    53
